 Dungeon Crawl Stone Soup version 0.16.1-51-g6203257 (webtiles) character file.

3572 poirepourri the Cleaver (level 9, -5/82 HPs)
             Began as a Deep Dwarf Berserker on Aug 10, 2015.
             Was a High Priest of Trog.
             Slain by a 13-headed hydra (6 damage)
             ... on level 8 of the Dungeon.
             The game lasted 00:21:35 (6544 turns).

poirepourri the Cleaver (Deep Dwarf Berserker)      Turns: 6544, Time: 00:21:35

Health: -5/82      AC: 11    Str: 25    XL:     9   Next: 84%
Magic:  10/10      EV: 15    Int:  8    God:    Trog [*****.]
Gold:   187        SH:  5    Dex: 15    Spells: 0 memorised, 8 levels left

rFire  + . .     SeeInvis .     s - +7 broad axe "Sechoabaqi" {speed, Dex+2}
rCold  . . .     Clarity  .     j - +0 scale mail
rNeg   . . .     SustAb   .     n - +0 buckler
rPois  .         Gourm    .     (no helmet)
rElec  .         Spirit   .     q - +0 cloak
rCorr  .         Warding  .     h - +1 pair of gloves
rMut   .         Stasis   .     (no boots)
MR     +++..                    t - amulet of faith
Stlth  +.........               (no ring)
                                g - +3 ring of slaying

@: non-regenerating, extremely resistant to hostile enchantments, very
unstealthy
A: damage resistance, recharge devices, fire resistance 1, sense surroundings 2,
slow healing 3, strong 1
a: Device Recharging, Burn Spellbooks, Berserk, Trog's Hand, Brothers in Arms,
Renounce Religion


You were on level 8 of the Dungeon.
You worshipped Trog.
Trog was extremely pleased with you.
You were not hungry.

You visited 1 branch of the dungeon, and saw 8 of its levels.

You collected 378 gold pieces.
You spent 191 gold pieces at shops.

Inventory:

Hand weapons
 a - a +0 hand axe
 s - the +7 broad axe "Sechoabaqi" (weapon) {speed, Dex+2}
   (Trog gifted it to you on level 8 of the Dungeon)

   Attacks with this weapon are significantly faster.
   It affects your dexterity (+2).
Armour
 b - a +0 animal skin
 f - a +0 leather armour
 h - a +1 pair of gloves (worn)
 j - a +0 scale mail (worn)
 n - a +0 buckler (worn)
 q - a +0 cloak (worn)
Jewellery
 e - the amulet "Mayxt" {Stasis MR+ Dex+3}
   (You found it on level 7 of the Dungeon)

   [amulet of stasis]

   It prevents you from being teleported, slowed, hasted or paralysed.
   It affects your dexterity (+3).
   It affects your resistance to hostile enchantments.
 g - a +3 ring of slaying (left hand)
 t - an amulet of faith (around neck)
 D - an uncursed amulet of clarity
Magical devices
 c - a wand of heal wounds (0)
 x - a wand of random effects (23)
Scrolls
 d - a scroll of blinking
 l - a scroll of fear
 m - 2 scrolls of fog
 u - 3 scrolls of magic mapping
 v - a scroll of identify
 y - a scroll of teleportation
 E - a scroll of remove curse
Potions
 i - 3 potions of curing
 k - a potion of cure mutation
 r - 2 potions of heal wounds
 w - 2 potions of berserk rage
 B - a potion of magic
 C - a potion of might
 F - a potion of haste
Books
 G - a book of Frost

   Spells                             Type                      Level
   a - Freeze                         Ice                          1
   b - Throw Frost                    Conjuration/Ice              2
   c - Ozocubu's Armour               Charms/Ice                   3
   d - Throw Icicle                   Conjuration/Ice              4
   e - Summon Ice Beast               Ice/Summoning                4
   f - Condensation Shield            Ice                          4
   Trog disapproves of the use of such an item.
Comestibles
 o - a meat ration
 p - 4 slices of pizza
 z - 3 beef jerkies
 A - 17 fruits


   Skills:
 + Level 6.2 Fighting
 + Level 8.3 Axes
 + Level 7.1 Armour
 + Level 8.2 Dodging
 + Level 2.2 Stealth
 + Level 4.4 Shields
 + Level 1.3 Evocations


You had 8 spell levels left.
You didn't know any spells.

Dungeon Overview and Level Annotations

Branches:
Dungeon (8/15)             Temple (0/1) D:6
   Lair: D:8-11

Altars:
Dithmenos
Elyvilon
Fedhas
Nemelex Xobeh
Okawaru
Qazlal
Vehumet
The Shining One

Shops:
D:4 %   D:5 [


Innate Abilities, Weirdness & Mutations

You are resistant to damage.
You can recharge devices by infusing magical energy.
You passively map the area around you.
You do not heal naturally.
Your flesh is heat resistant.
Your muscles are strong. (Str +2)


Message History

The 13-headed hydra closely misses you. x2
Zapping:
c - a wand of heal wounds (1)
Press: ? - help, Shift-Dir - straight line, f - you You feel much better.
This wand has 0 charges left.
You feel the effects of Trog's Hand fading.
The 13-headed hydra misses you. The 13-headed hydra bites you.
* * * LOW HITPOINT WARNING * * *
The 13-headed hydra bites you!
* * * LOW HITPOINT WARNING * * *
The 13-headed hydra bites you but does no damage.
The 13-headed hydra closely misses you.
The 13-headed hydra bites you but does no damage.
The 13-headed hydra bites you!
* * * LOW HITPOINT WARNING * * *
The 13-headed hydra bites you!
* * * LOW HITPOINT WARNING * * *
The 13-headed hydra bites you but does no damage.
The 13-headed hydra barely misses you. x2
The 13-headed hydra bites you!
You die...

, , , * *#.......
, ** #........
#.>.##.>## * ,*
############ #..##
*, #..#.....# #.##
, #..'....≈# #.#
#..'.....### #.# *
* #..'...)≈..###.#
* **
#@.#.....#.##..# #
**
#D##P≈P.≈#.....###
#%.#≈≈≈≈P#......##
#.)+.P≈PP#........
##########........
####..... ##..##
####


You could see a 13-headed hydra.

Vanquished Creatures
  Grinder (D:5)
  A two-headed ogre (D:8)
  2 yaks (D:8)
  4 sky beasts
  A water moccasin (D:8)
  2 ogres
  A black bear (D:6)
  2 ice beasts
  3 giant frogs (D:6)
  3 big kobolds (D:8)
  A gnoll sergeant (D:5)
  A water moccasin zombie (D:6)
  4 wights (D:6)
  2 goliath beetles
  A centaur zombie (D:7)
  A hound (D:7)
  An orc priest (D:7)
  2 giant frog skeletons
  Crazy Yiuf (D:7)
  A giant frog zombie (D:6)
  2 centaur skeletons
  An iron imp (D:3)
  Natasha (thrice) (D:3)
  4 iguanas
  5 worker ants
  A killer bee zombie (D:8)
  2 sheep (D:8)
  5 orc wizards
  Ijyb (D:7)
  Jessica (D:3)
  A hound zombie (D:5)
  Robin (D:4)
  9 adders
  3 giant mites
  12 gnolls
  2 worms
  2 adder zombies (D:6)
  3 adder skeletons
  An ooze (D:2)
  19 orcs
  10 bats
  7 giant cockroaches
  17 hobgoblins
  12 jackals
  13 kobolds
  3 quokkas
  3 ball pythons
  2 giant geckos (D:1)
  6 giant newts
  A giant spore (D:8)
  26 goblins
  A goblin skeleton (D:7)
  A hobgoblin zombie (D:7)
  2 jackal skeletons
  An orc skeleton (D:7)
  15 rats
  2 ballistomycetes (D:8)
  A plant (D:8)
236 creatures vanquished.

Vanquished Creatures (collateral kills)
  An ogre (D:7)
  An iron imp (D:7)
  An orc priest (D:4)
  4 orcs
  A bat (D:4)
  3 kobold skeletons (D:7)
  A kobold zombie (D:7)
  An orc skeleton (D:7)
  An orc zombie (D:7)
14 creatures vanquished.

Vanquished Creatures (others)
  A quasit (D:8)
1 creature vanquished.

Grand Total: 251 creatures vanquished

Notes
Turn   | Place    | Note
--------------------------------------------------------------
     0 | D:1      | poirepourri, the Deep Dwarf Berserker, began the quest for the Orb.
     0 | D:1      | Reached XP level 1. HP: 20/20 MP: 1/1
   198 | D:1      | Reached XP level 2. HP: 12/27 MP: 2/2
   433 | D:1      | Acquired Trog's second power
   691 | D:1      | Reached XP level 3. HP: 30/34 MP: 3/3
   903 | D:2      | Found a white marble altar of Elyvilon.
  1035 | D:2      | Found a shadowy altar of Dithmenos.
  1071 | D:2      | Found a stormy altar of Qazlal.
  1299 | D:2      | Reached skill level 4 in Axes
  1515 | D:3      | Reached XP level 4. HP: 42/42 MP: 4/4
  1644 | D:3      | Reached skill level 1 in Stealth
  1889 | D:3      | Reached XP level 5. HP: 43/49 MP: 5/5
  1938 | D:3      | Found an iron altar of Okawaru.
  1938 | D:3      | Noticed Jessica
  1951 | D:3      | Killed Jessica
  2065 | D:3      | Noticed Natasha
  2077 | D:3      | Killed Natasha
  2099 | D:3      | Noticed Natasha
  2102 | D:3      | Killed Natasha
  2131 | D:3      | Noticed Natasha
  2135 | D:3      | Killed Natasha
  2606 | D:4      | Found a sparkling altar of Nemelex Xobeh.
  2687 | D:4      | Found a glowing drain.
  2689 | D:4      | Noticed Robin
  2703 | D:4      | Killed Robin
  2808 | D:4      | Reached XP level 6. HP: 57/57 MP: 6/6
  2891 | D:4      | Reached skill level 5 in Axes
  2917 | D:4      | Acquired Trog's third power
  2933 | D:4      | Found Puhum's Food Boutique.
  2954 | D:4      | Bought a beef jerky for 16 gold pieces
  2954 | D:4      | Bought a meat ration for 55 gold pieces
  2954 | D:4      | Bought a beef jerky for 16 gold pieces
  2954 | D:4      | Bought a meat ration for 55 gold pieces
  2954 | D:4      | Bought a beef jerky for 16 gold pieces
  2954 | D:4      | Bought 2 fruits for 33 gold pieces
  3019 | D:4      | Noticed an ogre
  3030 | D:4      | Killed an ogre
  3222 | D:4      | Reached XP level 7. HP: 49/63 MP: 7/7
  3245 | D:4      | Reached skill level 1 in Shields
  3384 | D:5      | Entered Level 5 of the Dungeon
  3484 | D:5      | Noticed Grinder
  3496 | D:5      | Paralysed by Grinder for 2 turns
  3524 | D:5      | Killed Grinder
  3524 | D:5      | Reached skill level 5 in Dodging
  3524 | D:5      | Reached skill level 1 in Evocations
  3617 | D:5      | Reached skill level 6 in Axes
  3706 | D:5      | Found Klianyur's Antique Armour Boutique.
  3861 | D:5      | Reached XP level 8. HP: 70/73 MP: 9/9
  3948 | D:5      | Gained mutation: Your muscles are strong. (Str +2) [potion of beneficial mutation]
  4012 | D:6      | Reached skill level 5 in Armour
  4239 | D:6      | Found a staircase to the Ecumenical Temple.
  4521 | D:6      | Reached skill level 7 in Axes
  4530 | D:6      | Found a radiant altar of Vehumet.
  4570 | D:6      | Gained mutation: Your flesh is heat resistant. [potion of beneficial mutation]
  4743 | D:6      | Reached skill level 5 in Fighting
  5058 | D:7      | Gained mutation: You passively map the area around you. [level up]
  5058 | D:7      | Reached XP level 9. HP: 61/81 MP: 10/10
  5091 | D:7      | Noticed Ijyb
  5103 | D:7      | Killed Ijyb
  5133 | D:7      | Found a glowing golden altar of the Shining One.
  5283 | D:7      | Noticed Crazy Yiuf
  5291 | D:7      | Killed Crazy Yiuf
  5434 | D:7      | Got a warped iron amulet
  5437 | D:7      | Identified the amulet "Mayxt" {Stasis MR+ Dex+3} (You found it on level 7 of the Dungeon)
  5865 | D:7      | Found a blossoming altar of Fedhas.
  6029 | D:8      | Received a gift from Trog
  6044 | D:8      | Got a warped broad axe {god gift}
  6045 | D:8      | Identified the +7 broad axe "Sechoabaqi" {speed, Dex+2} (Trog gifted it to you on level 8 of the Dungeon)
  6474 | D:8      | Reached skill level 8 in Dodging
  6520 | D:8      | Noticed a two-headed hydra
  6540 | D:8      | HP: 3/82 [13-headed hydra (8)]
  6544 | D:8      | HP: 1/82 [13-headed hydra (8)]
  6544 | D:8      | Slain by a 13-headed hydra

Action                   |  1- 3 |  4- 6 |  7- 9 || total
-------------------------+-------+-------+-------++-------
Melee: Hand axe          |   162 |   204 |   488 ||   854
       Broad axe         |       |       |    54 ||    54
Invok: Trog's Hand       |     4 |     5 |    12 ||    21
       Berserk           |     2 |     3 |     4 ||     9
       Brothers in Arms  |       |     1 |     1 ||     2
       Burn Spellbooks   |       |       |     1 ||     1
Evoke: Wand              |       |     3 |     9 ||    12
  Use: Scroll            |     5 |     9 |    11 ||    25
       Potion            |     2 |     4 |     7 ||    13
 Stab: Sleeping          |     1 |       |       ||     1
  Eat: Chunk             |     4 |       |       ||     4
       Bread ration      |     1 |     1 |     1 ||     3
       Fruit             |       |     1 |       ||     1
       Meat ration       |       |       |     2 ||     2
       Royal jelly       |       |       |     1 ||     1
       Pizza             |       |       |     3 ||     3
